 Dungeon Crawl Stone Soup version 0.28.0-53-g5a82cb258f (webtiles) character file.

Game seed: 14292602756885379838

9730 Renzlar the Blocker (level 11, -5/133 HPs)
             Began as a Gnoll Fighter on May 26, 2022.
             Was a High Priest of Okawaru.
             Slain by a cane toad (11 damage)
             ... on level 1 of the Lair of Beasts on May 29, 2022.
             The game lasted 00:44:00 (12525 turns).

Renzlar the Blocker (Gnoll Fighter)                Turns: 12525, Time: 00:44:01

Health: -5/133     AC: 13    Str: 22    XL:     11   Next: 51%
Magic:  0/21       EV: 12    Int: 14    God:    Okawaru [*****.]
Gold:   601        SH:  6    Dex: 13    Spells: 15/23 levels left

rFire   x . .      SeeInvis .   J - +2 spear (freeze)
rCold   + . .      Faith    .   l - +0 buckler
rNeg    + + .      Spirit   +   M - +1 scale mail of Qaarr {Will++ Str-4 Int+5}
rPois   .          Reflect  .   H - +1 hat
rElec   .          Harm     .   E - +0 cloak
rCorr   .          Rampage  .   u - +0 pair of gloves
Will    +....                   (no boots)
Stlth   ..........              n - amulet of Vuanom {Spirit Str+3 Dex+2 Stlth-}
HPRegen 0.32/turn               k - +4 ring of slaying
MPRegen 0.17/turn               v - ring "Sejeh" {Ice rN++ Will- Str+4 Stlth+}

@: berserking, very quick
A: fangs 1, strong nose, distributed training
a: Renounce Religion, Heroism, Finesse, Duel


You were on level 1 of the Lair of Beasts.
You worshipped Okawaru.
Okawaru was extremely pleased with you.
You visited 2 branches of the dungeon, and saw 11 of its levels.

You collected 601 gold pieces.

Inventory:

Hand Weapons
 a - a +1 war axe
 c - a +1 vorpal hunting sling
 i - a +2 dagger of venom
 J - a +2 spear of freezing (weapon)
Missiles
 f - 268 stones
 m - 21 poisoned darts
 z - 39 bolts
 A - 91 sling bullets
 C - a curare-tipped dart (quivered)
Armour
 b - a +1 scale mail
 l - a +0 buckler (worn)
 u - a +0 pair of gloves (worn)
 E - a +0 cloak (worn)
 H - a +1 hat (worn)
 M - the +1 scale mail of Qaarr (worn) {Will++ Str-4 Int+5}
   (Okawaru gifted it to you on level 10 of the Dungeon)

   Str:       It affects your strength (-4).
   Int:       It affects your intelligence (+5).
   Will:      It greatly increases your willpower.
Jewellery
 g - a ring of poison resistance
 k - a +4 ring of slaying (left hand)
 n - the amulet of Vuanom (around neck) {Spirit Str+3 Dex+2 Stlth-}
   (You found it on level 3 of the Dungeon)

   [amulet of guardian spirit]

   It causes incoming damage to be divided between your reserves of health and
   magic.
   Str:       It affects your strength (+3).
   Dex:       It affects your dexterity (+2).
   Stlth:     It makes you less stealthy.
 q - a +6 ring of strength
 v - the ring "Sejeh" (right hand) {Ice rN++ Will- Str+4 Stlth+}
   (You acquired it on level 5 of the Dungeon)

   [ring of ice]

   It enhances your ice magic.
   Str:       It affects your strength (+4).
   rF:        It makes you vulnerable to fire.
   rC:        It protects you from cold.
   rN:        It greatly protects you from negative energy.
   Will:      It decreases your willpower.
   Stlth:     It makes you more stealthy.
 B - a ring of see invisible
 I - a +4 ring of evasion
Wands
 w - a wand of paralysis (6)
 x - a wand of flame (43)
 D - a wand of digging (2)
 G - a wand of acid (4)
Scrolls
 j - a scroll of enchant armour
 s - 5 scrolls of teleportation
 y - a scroll of amnesia
 K - a scroll of enchant weapon
 L - a scroll of immolation
Potions
 d - a potion of might
 h - 5 potions of curing
 o - a potion of berserk rage
 p - 2 potions of flight
 r - 2 potions of cancellation
 t - 2 potions of mutation
 F - a potion of attraction {unknown}


   Skills:
 + Level 9.5 Fighting
 + Level 6.7 Short Blades
 + Level 6.7 Long Blades
 + Level 8.2 Axes
 + Level 6.7 Maces & Flails
 + Level 6.7 Polearms
 + Level 6.7 Staves
 + Level 6.7 Slings
 + Level 6.7 Bows
 + Level 6.7 Crossbows
 + Level 6.7 Throwing
 + Level 9.5 Armour
 + Level 6.7 Dodging
 + Level 6.7 Stealth
 + Level 9.5 Shields
 + Level 6.7 Unarmed Combat
 + Level 6.7 Spellcasting
 + Level 5.5 Conjurations
 + Level 5.5 Hexes
 + Level 5.5 Summonings
 + Level 5.5 Necromancy
 + Level 5.5 Translocations
 + Level 5.5 Transmutations
 + Level 5.5 Fire Magic
 + Level 5.5 Ice Magic
 + Level 5.5 Air Magic
 + Level 5.5 Earth Magic
 + Level 5.5 Poison Magic
 + Level 7.3 Invocations
 + Level 6.7 Evocations


You had 15 spell levels left.
You knew the following spells:

 Your Spells              Type           Power      Damage    Failure   Level
a - Flame Wave            Conj/Fire      20%        2d7       38%         4
b - Anguish               Hex/Necr       10%        N/A       38%         4

Your spell library contained the following spells:

 Spells                   Type           Power      Damage    Failure   Level
 Apportation              Tloc           40%        N/A       4%          1
 Foxfire                  Conj/Fire      80%        2x1d8     4%          1
 Slow                     Hex            80%        N/A       4%          1
 Sting                    Tmut/Pois      80%        1d7       4%          1
 Blink                    Tloc           40%        N/A       6%          2
 Ensorcelled Hibernation  Hex/Ice        60%        N/A       6%          2
 Scorch                   Fire           40%        2d7       6%          2
 Confusing Touch          Hex            20%        N/A       12%         3
 Spider Form              Tmut/Pois      20%        N/A       12%         3
 Vampiric Draining        Necr           20%        2d7       12%         3
 Leda's Liquefaction      Hex/Erth       10%        N/A       38%         4
 Passage of Golubria      Tloc           20%        N/A       38%         4
 Lee's Rapid Deconstruct  Erth           10%        3d9*      75%         5
 Manifold Assault         Tloc           20%        N/A       75%         5
 Yara's Violent Unravell  Hex/Tmut       10%        3d6       75%         5
 Statue Form              Tmut/Erth      13%        N/A       99%         6
 Storm Form               Tmut/Air       10%        N/A       100%        7
 Tukima's Dance           Hex            Unusable   N/A       N/A         3
 Summon Cactus Giant      Summ           Unusable   N/A       N/A         6

Dungeon Overview and Level Annotations

Branches:
Dungeon (10/15)            Temple (0/1) D:7            Lair (1/6) D:8
    Orc (0/2) D:10

Altars:
Dithmenos
Elyvilon
Kikubaaqudgha
Makhleb
Okawaru
Qazlal
Sif Muna
Vehumet
Zin

Shops:
D:4 :   D:5 (


Innate Abilities, Weirdness & Mutations

You have very sharp teeth.
Your uncanny sense of smell can sniff out nearby items.
Your experience applies equally to all skills.


Message History

Fire: 270 stones
Press: ? - help, Q - select action, (/) - cycle Shift-Dir - straight line, f - bullfrog
Aim: a bullfrog (wandering, hasn't noticed you, 64% to hit)
You shoot a stone. The stone hits the bullfrog.
The bullfrog is moderately wounded.
Fire: 269 stones
Press: ? - help, Q - select action, (/) - cycle Shift-Dir - straight line, f/p - bullfrog
Aim: a bullfrog (moderately wounded, 64% to hit)
You shoot a stone. The stone hits the bullfrog.
The bullfrog is heavily wounded.
A cane toad comes into view.
The bullfrog snags a nearby moth with its tongue.
The cane toad croaks.
You see here 20 arrows.
You block the bullfrog's attack. The bullfrog closely misses you.
The bullfrog closely misses you. The bullfrog barely misses you.
The bullfrog closely misses you. You block the bullfrog's attack.
The bullfrog hits you but does no damage.
The bullfrog hits you!
* * * LOW HITPOINT WARNING * * *
The bullfrog barely misses you.
The bullfrog hits you but does no damage.
Your +2 spear of freezing glows with a cold blue light!
J - a +2 spear of freezing (weapon)
The cane toad stings you!!
* * * LOW HITPOINT WARNING * * *
Unknown command.
A red film seems to cover your vision as you go berserk!
You feel yourself moving faster!
You feel mighty!
The bullfrog releases a deep croak.
The cane toad stings you.
* * * LOW HITPOINT WARNING * * *
Unknown command.
You puncture the cane toad!
The cane toad seems to slow down.
You freeze the cane toad.
The cane toad is heavily wounded.
The cane toad stings you!
You die...

### ###
#########P#######.########
............F.............
#..###.#.#.####.#........
##.F### ##########. ##F#
#### #. #@#####.P### #.
#..........# #.
#..........# #.
#.........#######.
#..##P#...........
#...####.......... #..##
#..........
##...####..........
#P..........##†##..


You could see a cane toad (slow) and a bullfrog.

Vanquished Creatures
  2 two-headed ogres
  The ghost of turdburglar the Vexing, a novice GnAM of Hepliaklqana (D:7)
  A rime drake (Lair:1)
  A troll (D:9)
  Grinder (D:6)
  A slime creature (D:7)
  9 yaks (Lair:1)
  2 wyverns
  A wraith (D:9)
  A steam dragon (D:7)
  A vampire mosquito (D:10)
  A water moccasin (D:5)
  A sky beast (D:7)
  8 orc warriors
  4 ice beasts
  An ogre (D:6)
  3 necrophages
  A centaur (D:4)
  2 phantoms
  2 kobold brigands (D:7)
  8 bullfrogs
  3 gnoll sergeants
  3 scorpions
  A water moccasin zombie (D:6)
  2 wyvern skeletons
  6 killer bees (D:10)
  2 electric eels (D:10)
  A howler monkey (D:3)
  A wight (D:7)
  7 centaur zombies
  A bullfrog zombie (D:6)
  A jelly (D:7)
  2 gnoll shamans
  6 orc priests
  A hound (D:5)
  3 iguanas
  4 centaur skeletons
  2 bullfrog skeletons
  Terence (D:2)
  9 orc wizards
  3 killer bee zombies (D:7)
  A spectral killer bee (D:7)
  A hound skeleton (D:4)
  A spectral howler monkey (D:7)
  A howler monkey zombie (D:9)
  Robin (D:2)
  29 gnolls
  A howler monkey skeleton (D:7)
  7 adders
  2 white imps
  A howler monkey simulacrum (D:7)
  An adder skeleton (D:4)
  2 worms
  5 dart slugs
  36 orcs
  6 bats
  9 endoplasms
  A giant cockroach (D:1)
  18 goblins
  18 hobgoblins
  3 jackals (D:2)
  4 quokkas
  6 ball pythons
  3 frilled lizards
  10 kobolds
  4 rats
282 creatures vanquished.

Vanquished Creatures (others)
  5 plants (Lair:1)
5 creatures vanquished.

Grand Total: 287 creatures vanquished

Notes
Turn   | Place    | Note
-------+----------+-------------------------------------------
     0 | D:1      | Renzlar the Gnoll Fighter began the quest for the Orb.
     0 | D:1      | Reached XP level 1. HP: 23/23 MP: 1/1
   116 | D:1      | Reached XP level 2. HP: 26/29 MP: 2/2
   427 | D:1      | Reached XP level 3. HP: 35/35 MP: 3/3
   865 | D:2      | Noticed Robin
   877 | D:2      | Reached skill level 1 in Invocations
   883 | D:2      | Killed Robin
   886 | D:2      | Reached skill level 1 in Short Blades
   886 | D:2      | Reached skill level 1 in Long Blades
   886 | D:2      | Reached skill level 1 in Maces & Flails
   886 | D:2      | Reached skill level 1 in Polearms
   886 | D:2      | Reached skill level 1 in Staves
   886 | D:2      | Reached skill level 1 in Slings
   886 | D:2      | Reached skill level 1 in Bows
   886 | D:2      | Reached skill level 1 in Crossbows
   886 | D:2      | Reached skill level 1 in Throwing
   886 | D:2      | Reached skill level 1 in Dodging
   886 | D:2      | Reached skill level 1 in Stealth
   886 | D:2      | Reached skill level 1 in Unarmed Combat
   886 | D:2      | Reached skill level 1 in Spellcasting
   886 | D:2      | Reached skill level 1 in Evocations
   901 | D:2      | Reached XP level 4. HP: 30/41 MP: 5/5
  1109 | D:2      | Reached skill level 1 in Conjurations
  1109 | D:2      | Reached skill level 1 in Hexes
  1109 | D:2      | Reached skill level 1 in Summonings
  1109 | D:2      | Reached skill level 1 in Necromancy
  1109 | D:2      | Reached skill level 1 in Translocations
  1109 | D:2      | Reached skill level 1 in Transmutations
  1109 | D:2      | Reached skill level 1 in Fire Magic
  1109 | D:2      | Reached skill level 1 in Ice Magic
  1109 | D:2      | Reached skill level 1 in Air Magic
  1109 | D:2      | Reached skill level 1 in Earth Magic
  1109 | D:2      | Reached skill level 1 in Poison Magic
  1190 | D:2      | Noticed Terence
  1204 | D:2      | Killed Terence
  1256 | D:2      | Found an iron altar of Okawaru.
  1265 | D:2      | Became a worshipper of Warmaster Okawaru
  1322 | D:2      | Reached XP level 5. HP: 47/47 MP: 6/6
  2079 | D:3      | Identified the amulet of Vuanom {Spirit Str+3 Dex+2 Stlth-}
  2145 | D:3      | Reached skill level 5 in Invocations
  2145 | D:3      | Reached XP level 6. HP: 56/56 MP: 7/12
  2558 | D:3      | Found a faded altar of an unknown god.
  2890 | D:4      | Noticed a necrophage
  2904 | D:4      | Killed a necrophage
  2904 | D:4      | Reached * piety under Okawaru
  2905 | D:4      | Reached XP level 7. HP: 58/62 MP: 11/13
  2912 | D:4      | Found a stormy altar of Qazlal.
  2925 | D:4      | Found Enyall's Book Shop.
  3161 | D:4      | Found a white marble altar of Elyvilon.
  3193 | D:4      | Found a shadowy altar of Dithmenos.
  3717 | D:5      | Entered Level 5 of the Dungeon
  3922 | D:5      | Reached ** piety under Okawaru
  3934 | D:5      | Reached XP level 8. HP: 68/68 MP: 15/15
  4124 | D:5      | Found Xitrup's Weapon Emporium.
  4262 | D:5      | Reached skill level 5 in Short Blades
  4262 | D:5      | Reached skill level 5 in Long Blades
  4262 | D:5      | Reached skill level 5 in Maces & Flails
  4262 | D:5      | Reached skill level 5 in Polearms
  4262 | D:5      | Reached skill level 5 in Staves
  4262 | D:5      | Reached skill level 5 in Slings
  4262 | D:5      | Reached skill level 5 in Bows
  4262 | D:5      | Reached skill level 5 in Crossbows
  4262 | D:5      | Reached skill level 5 in Throwing
  4262 | D:5      | Reached skill level 5 in Dodging
  4262 | D:5      | Reached skill level 5 in Stealth
  4262 | D:5      | Reached skill level 5 in Unarmed Combat
  4262 | D:5      | Reached skill level 5 in Spellcasting
  4262 | D:5      | Reached skill level 5 in Evocations
  4563 | D:5      | Found a burning altar of Makhleb.
  4630 | D:5      | Identified a scroll of acquirement
  4630 | D:5      | Acquired the ring "Sejeh" {Ice rN++ Will- Str+4 Stlth+}
  4830 | D:5      | Found an iron altar of Okawaru.
  5076 | D:6      | Reached *** piety under Okawaru
  5122 | D:6      | Reached XP level 9. HP: 73/75 MP: 16/16
  5160 | D:6      | Noticed Grinder
  5172 | D:6      | Killed Grinder
  6193 | D:7      | Reached **** piety under Okawaru
  6525 | D:7      | Found a runed translucent gate.
  6525 | D:7      | Found a runed translucent gate.
  6525 | D:7      | Found a runed translucent gate.
  6558 | D:7      | Noticed turdburglar's ghost (novice GnAM)
  6647 | D:7      | Killed turdburglar's ghost
  6915 | D:7      | Reached XP level 10. HP: 81/82 MP: 18/18
  6992 | D:7      | Found a staircase to the Ecumenical Temple.
  7104 | D:7      | Noticed a two-headed ogre
  7122 | D:7      | Killed a two-headed ogre
  7122 | D:7      | Reached ***** piety under Okawaru
  7739 | D:7      | Found a shimmering blue altar of Sif Muna.
  7747 | D:7      | Got Sif Muna's Incunabulum of Transmigration
  7749 | D:7      | Got Sif Muna's Grimoire of the Traveller
  7751 | D:7      | Got Sif Muna's Tome of Heat
  7936 | D:8      | Received a gift from Okawaru
  8069 | D:8      | Found an ancient bone altar of Kikubaaqudgha.
  8136 | D:8      | Found a staircase to the Lair.
  8205 | D:8      | Reached skill level 5 in Conjurations
  8205 | D:8      | Reached skill level 5 in Hexes
  8205 | D:8      | Reached skill level 5 in Summonings
  8205 | D:8      | Reached skill level 5 in Necromancy
  8205 | D:8      | Reached skill level 5 in Translocations
  8205 | D:8      | Reached skill level 5 in Transmutations
  8205 | D:8      | Reached skill level 5 in Fire Magic
  8205 | D:8      | Reached skill level 5 in Ice Magic
  8205 | D:8      | Reached skill level 5 in Air Magic
  8205 | D:8      | Reached skill level 5 in Earth Magic
  8205 | D:8      | Reached skill level 5 in Poison Magic
  8600 | D:8      | Found a radiant altar of Vehumet.
  9090 | D:8      | Noticed a two-headed ogre
  9097 | D:8      | Killed a two-headed ogre
  9097 | D:8      | Received a gift from Okawaru
 10043 | D:9      | Reached XP level 11. HP: 89/89 MP: 20/20
 10790 | D:10     | Entered Level 10 of the Dungeon
 11201 | D:10     | Identified the +8 great mace of Linearity {pain, rC+ rN+}
 11260 | D:10     | Received a gift from Okawaru
 11519 | D:10     | Found a staircase to the Orcish Mines.
 11659 | D:10     | Identified the +1 scale mail of Qaarr {Will++ Str-4 Int+5}
                  | (Okawaru gifted it to you on level 10 of the Dungeon)
 11659 | D:10     | Received a gift from Okawaru
 11890 | D:10     | Found a glowing silver altar of Zin.
 12272 | Lair:1   | Entered Level 1 of the Lair of Beasts
 12366 | Lair:1   | Learned a level 4 spell: Flame Wave
 12371 | Lair:1   | Learned a level 4 spell: Anguish
 12524 | Lair:1   | HP: 6/133 [cane toad (2)]
 12525 | Lair:1   | Slain by a cane toad

Illustrated notes

Levels and vault maps discovered:
D:1:      onia_arrival_pyramid, layout_loops_cross
D:2:      layout_loops_corners, basic_altar, uniq_terence, uniq_robin
D:3:      layout_basic, hellmonk_ecumenical_altar_run_dry,
          minmay_fractal_squares_5
D:4:      layout_basic, nicolae_overflow_crystal_walls, general_overflow_altar,
          nicolae_dithmenos_shadow_blocks, serial_shops, shop,
          minmay_goblin_kobold_house
D:5:      layout_basic, makhleb_blood_cavern_becter, okawaru_altar_gauntlet_db,
          serial_shops, kennysheep_mini
D:6:      layout_loops_ring, serial_co_window_serial, co_window_corner_a,
          co_window_of_opportunity_a, co_window_corner_a, co_window_corner_a,
          co_window_of_opportunity_a, co_window_paths_c,
          co_window_of_opportunity_b, co_window_cross_4,
          co_window_of_opportunity_c, co_window_paths_d, co_window_4corner_b,
          glass_columns_a, uniq_grinder
D:7:      kennysheep_windowed_halls, layout_basic,
          nicolae_sif_muna_little_library, minmay_temple_entry_tees,
          gammafunk_ghost_necromancy
D:8:      layout_layer_cave, nicolae_vehumet_altar_sigil,
          mainiacjoe_overflow_chevrons, lair_entry_dummy
D:9:      layout_layer_cave
D:10:     layout_gridville, marbit_many_paths, erik_orc_2
Lair:1:   layout_small_grid, special_room [special_room_bee], grunt_megastairs_4

Skill      XL: |  1  2  3  4  5  6  7  8  9 10 11 |
---------------+----------------------------------+-----
Invocations    | 1 5 6 7 |  7.3
Short Blades   | 1 4 5 6 |  6.7
Long Blades    | 1 4 5 6 |  6.7
Maces & Flails | 1 4 5 6 |  6.7
Polearms       | 1 4 5 6 |  6.7
Staves         | 1 4 5 6 |  6.7
Slings         | 1 4 5 6 |  6.7
Bows           | 1 4 5 6 |  6.7
Crossbows      | 1 4 5 6 |  6.7
Throwing       | 1 4 5 6 |  6.7
Dodging        | 1 4 5 6 |  6.7
Stealth        | 1 4 5 6 |  6.7
Unarmed Combat | 1 4 5 6 |  6.7
Spellcasting   | 1 4 5 6 |  6.7
Evocations     | 1 4 5 6 |  6.7
Conjurations   | 1 3 4 5 |  5.5
Hexes          | 1 3 4 5 |  5.5
Summonings     | 1 3 4 5 |  5.5
Necromancy     | 1 3 4 5 |  5.5
Translocations | 1 3 4 5 |  5.5
Transmutations | 1 3 4 5 |  5.5
Fire Magic     | 1 3 4 5 |  5.5
Ice Magic      | 1 3 4 5 |  5.5
Air Magic      | 1 3 4 5 |  5.5
Earth Magic    | 1 3 4 5 |  5.5
Poison Magic   | 1 3 4 5 |  5.5
Fighting       | 8 9 |  9.5
Axes           | 6 7 8 |  8.2
Armour         | 8 9 |  9.5
Shields        | 8 9 |  9.5

Action                   |  1- 3 |  4- 6 |  7- 9 | 10-12 || total
-------------------------+-------+-------+-------+-------++-------
Melee: War axe           |    87 |    65 |   188 |   235 ||   575
       Bite              |     8 |     7 |    22 |    38 ||    75
       Spear             |       |       |       |    25 ||    25
 Fire: Hunting sling     |       |    86 |   155 |   219 ||   460
Throw: Stone             |     5 |       |       |       ||     5
       Dart              |       |       |       |     2 ||     2
 Cast: Flame Wave        |       |       |       |     1 ||     1
Invok: Heroism           |       |       |     3 |     1 ||     4
Evoke: Wand              |       |       |       |     1 ||     1
  Use: Scroll            |     5 |     4 |     6 |     5 ||    20
       Potion            |       |     1 |       |     2 ||     3
Armor: Scale mail        |    20 |    13 |    80 |   143 ||   256
       Chain mail        |    13 |    14 |       |       ||    27
Dodge: Dodged            |    23 |    40 |    94 |   170 ||   327
Block: Buckler           |    12 |    22 |    71 |    97 ||   202
